 Dungeon Crawl Stone Soup version 0.19-a0-1937-g70ed36a (webtiles) character file.

198 DogShitOnMyToe the Skirmisher (level 5, 0/59 HPs)
             Began as an Ogre Hunter on Oct 26, 2016.
             Was a Follower of Yredelemnul.
             Killed by divine providence
             ... invoked by an orc priest
              (12 damage)
             ... on level 3 of the Dungeon.
             The game lasted 00:09:19 (2534 turns).

DogShitOnMyToe the Skirmisher (Ogre Hunter)         Turns: 2534, Time: 00:09:20

Health: 0/59       AC:  3    Str: 17    XL:     5   Next: 77%
Magic:  5/5        EV: 10    Int: 10    God:    Yredelemnul [*.....]
Gold:   122        SH:  0    Dex: 11    Spells: 0 memorised, 4 levels left

rFire  . . .     SeeInvis .     a - +0 mace
rCold  . . .     Gourm    .     b - +0 robe
rNeg   . . .     Faith    .     (no shield)
rPois  .         Spirit   .     (helmet restricted)
rElec  .         Reflect  .     t - -1 cloak (curse)
rCorr  .         Harm     .     (gloves unavailable)
MR     .....                    (boots unavailable)
Stlth  +.........               (no amulet)
                                (no ring)
                                (no ring)

@: no status effects
A: unfitting armour, tough skin 1
a: Animate Remains, Renounce Religion


You were on level 3 of the Dungeon.
You worshipped Yredelemnul.
Yredelemnul was aware of your devotion.
You were not hungry.

You visited 1 branch of the dungeon, and saw 3 of its levels.

You collected 122 gold pieces.

Inventory:

Hand Weapons
 a - a +0 mace (weapon)
 h - a +2 dagger of venom
Missiles
 d - 2 throwing nets (quivered)
 e - 69 stones
Armour
 b - a +0 robe (worn)
 t - a cursed -1 cloak (worn)
Jewellery
 n - a cursed -3 ring of dexterity {unknown}
Wands
 g - a wand of slowing (25/48)
Scrolls
 i - a scroll of remove curse {unknown}
 j - 3 scrolls of teleportation {unknown}
 l - a scroll of blinking {unknown}
 m - a scroll of fear {unknown}
 o - 2 scrolls of fog {unknown}
 q - a scroll of identify {unknown}
 r - a scroll of enchant armour {unknown}
 s - a scroll of noise {unknown}
 u - a scroll of amnesia {unknown}
Potions
 k - 2 potions of mutation {unknown}
Comestibles
 f - 2 bread rations
 p - a beef jerky


   Skills:
 + Level 5.7 Fighting
 + Level 4.8 Maces & Flails
 - Level 4.0 Throwing
 - Level 1.7 Dodging
 - Level 0.6 Stealth


You had 4 spell levels left.
You didn't know any spells.

Dungeon Overview and Level Annotations

Branches:
Dungeon (3/15)

Altars:
Cheibriados
Makhleb
Yredelemnul


Innate Abilities, Weirdness & Mutations

You are too large for most types of armour.
You have tough skin. (AC +1)


Message History

Beogh smites you!
* * * LOW HITPOINT WARNING * * *
You hit the orc priest but do no damage.
The orc priest is almost dead.
The orc priest closely misses you.
You closely miss the orc priest.
The orc priest is almost dead.
The orc priest calls down the wrath of Beogh upon you.
Beogh smites you!
* * * LOW HITPOINT WARNING * * *
The orc priest completely misses you.
You closely miss the orc priest.
The orc priest is almost dead.
The orc priest looks encouraged for a moment.
You closely miss the orc priest.
The orc priest is severely wounded.
The orc priest mumbles some strange prayers to Beogh against you.
Beogh smites you!
You die...
Your body rises from the dead as a mindless zombie.

......# ...oo..
.......####
......o...#
#...#.)##.# .
#.. #o# #.. #.#
### #.######
#.o@...#
######.# #.#
#.#
#.#############
#..............
###############


You could see an orc priest.

Vanquished Creatures
  Jessica (D:2)
  3 orc wizards (D:3)
  2 adders
  An ooze (D:3)
  A worm (D:2)
  A dart slug (D:1)
  2 leopard geckos
  8 orcs
  6 bats
  7 goblins
  5 hobgoblins
  4 jackals
  4 quokkas
  2 frilled lizards
  5 kobolds
  5 rats
57 creatures vanquished.

Notes
Turn   | Place    | Note
-------+----------+-------------------------------------------
     0 | D:1      | DogShitOnMyToe the Ogre Hunter began the quest for the Orb.
     0 | D:1      | Reached XP level 1. HP: 22/22 MP: 1/1
    41 | D:1      | HP: 10/22 [leopard gecko (3)]
    46 | D:1      | Reached skill level 3 in Fighting
   350 | D:1      | Reached XP level 2. HP: 28/31 MP: 2/2
   506 | D:1      | Reached skill level 1 in Maces & Flails
   633 | D:1      | Reached XP level 3. HP: 22/39 MP: 3/3
   811 | D:1      | Reached skill level 2 in Maces & Flails
   840 | D:1      | Reached skill level 4 in Fighting
  1129 | D:2      | Found a basalt altar of Yredelemnul.
  1130 | D:2      | Found a burning altar of Makhleb.
  1138 | D:2      | Became a worshipper of Yredelemnul the Dark
  1227 | D:2      | Noticed Jessica
  1234 | D:2      | Killed Jessica
  1234 | D:2      | Reached XP level 4. HP: 37/49 MP: 4/4
  1576 | D:3      | Reached skill level 3 in Maces & Flails
  1592 | D:2      | HP: 21/49 [orc/mace (7)]
  1810 | D:3      | Reached skill level 5 in Fighting
  2058 | D:3      | Found a snail-covered altar of Cheibriados.
  2064 | D:3      | Reached XP level 5. HP: 56/57 MP: 5/5
  2107 | D:3      | Reached skill level 4 in Maces & Flails
  2510 | D:3      | Reached * piety under Yredelemnul
  2530 | D:3      | HP: 24/59 [orc priest/divine providence (13)]
  2534 | D:3      | Killed from afar by an orc priest

Vault maps used:
D:1:      dpeg_arrival_three_same_balls
D:2:      grunt_temple_overflow_open, uniq_jessica
D:3:      cheibriados_altar_wand_db, first_bread

Skill      XL: |  1  2  3  4  5 |
---------------+----------------+-----
Fighting       | 3 4 5 |  5.7
Maces & Flails | 1 2 3 4 |  4.8
Throwing       | |  4.0
Dodging        | |  1.7
Stealth        | |  0.6

Action                   |  1- 3 |  4- 6 || total
-------------------------+-------+-------++-------
Melee: Short sword       |   104 |    25 ||   129
       Mace              |       |    75 ||    75
Throw: Stone             |    24 |    15 ||    39
       Large rock        |     5 |     8 ||    13
 Stab: Sleeping          |       |     1 ||     1
  Eat: Chunk             |     1 |     4 ||     5
Armor: Robe              |    39 |    33 ||    72
Dodge: Dodged            |    85 |    64 ||   149
